 Dungeon Crawl Stone Soup version 0.32-a0-485-g70f7560b1c (webtiles) character file.

Game seed: 1806047844200178612

366 ezpacito the Trooper (level 6, -5/48 HPs)
             Began as a Demonspawn Chaos Knight on Feb 26, 2024.
             Was a Plaything of Xom.
             Slain by a killer bee (6 damage)
             ... on level 4 of the Dungeon.
             The game lasted 00:05:06 (3155 turns).

ezpacito the Trooper (Demonspawn Chaos Knight)      Turns: 3155, Time: 00:05:06

Health: -5/48      AC:  7    Str: 14    XL:     6   Next: 40%
Magic:  8/8        EV: 11    Int: 13    God:    Xom [...*..]
Gold:   122        SH:  4    Dex: 12    Spells: 4/8 levels left

rFire   . . .        a - +0 hand axe (chaos)
rCold   . . .        (no shield)
rNeg    . . .        b - +2 leather armour
rPois   .            (no helmet)
rElec   .            (no cloak)
rCorr   .            (no gloves)
SInv    .            f - +1 pair of boots
Will    .....        (no amulet)
Stlth   +            r - ring of wizardry
HPRegen 0.28/turn    (no ring)
MPRegen 0.22/turn

%: wizardry (x1)
@: lethally poisoned (-5 -> -16), cleaving
A: large bone plates 1, magic regeneration, demonic touch 1
a: Renounce Religion


You were on level 4 of the Dungeon.
You worshipped Xom.
You were a favourite toy of Xom.
You visited 1 branch of the dungeon, and saw 4 of its levels.

You collected 122 gold pieces.

Inventory:

Hand Weapons
 a - a +0 hand axe of chaos (weapon)
Missiles
 o - 7 poisoned darts (quivered)
Armour
 b - a +2 leather armour (worn)
 c - a +0 pair of boots
 f - a +1 pair of boots (worn)
 g - a +0 chain mail
 j - a +0 scale mail
Jewellery
 r - a ring of wizardry (left hand)
Wands
 k - a wand of digging (9)
 m - a wand of flame (17)
Scrolls
 d - 2 scrolls of poison
 e - a scroll of amnesia
 h - a scroll of identify
 i - 2 scrolls of revelation
 n - a scroll of teleportation
Potions
 q - 2 potions of cancellation


   Skills:
 * Level 3.7 Fighting
 * Level 3.4(3.5) Axes
 + Level 1.0(2.3) Polearms
 * Level 2.7 Armour
 * Level 2.1 Dodging
 + Level 1.4 Stealth
 * Level 1.7 Unarmed Combat
 * Level 1.8 Spellcasting
 + Level 0.6 Hexes
 * Level 1.4 Necromancy
 + Level 0.7 Evocations


You had 4 spell levels left.
You knew the following spells:

 Your Spells              Type           Power      Damage    Failure   Level
a - Slow                  Hex            8%         N/A       11%         1
b - Vampiric Draining     Necr           5%         2d6       21%         3

Your spell library contained the following spells:

 Spells                   Type           Power      Damage    Failure   Level
 Confusing Touch          Hex            2%         N/A       28%         3
 Sigil of Binding         Hex            2%         N/A       28%         3


Dungeon Overview and Level Annotations

Branches:
Dungeon (4/15)
 Temple: D:4-7

Altars:
Kikubaaqudgha
Okawaru

Shops:
D:3 =


Innate Abilities, Weirdness & Mutations

You are partially covered in large bone plates. (SH +4)
You regenerate magic rapidly.
Your touch may inflict minor irresistible damage on your foes.


Message History

"Forecast: mostly cloudy."
The killer bee stings you.
You are more poisoned.
The killer bee poisons you!
The killer bee stings you but does no damage.
The killer bee completely misses you.
There is a stone staircase leading up here.
You closely miss the killer bee. Your touch misses the killer bee.
You miss the killer bee.
You feel very sick.
The killer bee closely misses your quasit.
The killer bee stings you!
* * * LOW HITPOINT WARNING * * *
The killer bee misses your quasit.
Your quasit closely misses the killer bee.
Your quasit barely misses the killer bee.
Your quasit misses the killer bee. The killer bee stings you.
* * * LOW HITPOINT WARNING * * *
You are more poisoned.
The killer bee poisons you! The killer bee barely misses you.
The killer bee closely misses your quasit.
Okay, then.
Okay, then.
Aiming: Throw Flame
Press: ? - help, Shift-Dir - straight line, f - killer bee
Aim: a killer bee (blue smoke, ally target, 39% to hit)
Okay, then.
Okay, then.
This spell is quite dangerous to cast!
Your memorisation is interrupted.
* * * LOW HITPOINT WARNING * * *
You feel very sick. The killer bee stings you.
* * * LOW HITPOINT WARNING * * *
You block the killer bee's attack.
The killer bee barely misses your quasit.
Your quasit misses the killer bee.
Your quasit claws the killer bee.
Your quasit misses the killer bee. The killer bee stings you.
You die...
Xom titters!

#)≈.≈)# ####.#.......# ##
#≈≈.≈≈### #.#.......###.
#..ß..#...##............>
#.ß_ß.#..................
#..ß ######.............
#####.#.......#...
######..§..#.......##..
#....§§5...####....####
#....§@yy..# ##y..# #.
#....§y§...# #.yy##..
#..........#####...#...
#..................y.#.
#...........####....###
#......÷.÷..####......#
#########...........#.#
...###.....#..###...#
........##.#.## #..#


You could see 3 killer bees and a friendly quasit (summoned).

Vanquished Creatures
  A bullfrog (D:4)
  A bombardier beetle (D:3)
  An orc priest (D:3)
  A jelly (D:4)
  Jessica (D:3)
  2 iguanas (D:4)
  2 orc wizards (D:3)
  An adder (D:4)
  5 ribbon worms
  2 dart slugs
  2 orcs (D:3)
  10 bats
  7 endoplasms
  3 giant cockroaches
  6 goblins
  10 hobgoblins
  5 jackals
  9 kobolds
  3 quokkas
  8 ball pythons
  2 frilled lizards (D:1)
  4 rats
86 creatures vanquished.

Notes
Turn   | Place    | Note
-------+----------+-------------------------------------------
     0 | D:1      | ezpacito the Demonspawn Chaos Knight began the quest for
                  | the Orb.
     0 | D:1      | Reached XP level 1. HP: 18/18 MP: 1/1
   123 | D:1      | Reached skill level 1 in Dodging
   178 | D:1      | XOM: silly message
   186 | D:1      | Gained mutation: Your touch may inflict minor irresistible
                  | damage on your foes. [demonic ancestry]
   186 | D:1      | Reached XP level 2. HP: 23/24 MP: 2/2
   428 | D:1      | XOM: silly message
   767 | D:2      | Gained mutation: You regenerate magic rapidly. [demonic
                  | ancestry]
   767 | D:2      | Reached XP level 3. HP: 26/29 MP: 3/3
  1074 | D:2      | Reached skill level 1 in Spellcasting
  1243 | D:2      | Reached skill level 1 in Stealth
  1288 | D:2      | XOM: divination: detect creatures
  1294 | D:2      | Learned a level 1 spell: Slow
  1298 | D:2      | Learned a level 3 spell: Vampiric Draining
  1406 | D:2      | Found a faded altar of an unknown god.
  1522 | D:3      | Reached XP level 4. HP: 35/35 MP: 5/5
  1626 | D:3      | Noticed Jessica
  1631 | D:3      | XOM: divination: magic mapping
  1641 | D:3      | Killed Jessica
  1646 | D:3      | Reached skill level 1 in Unarmed Combat
  1824 | D:3      | XOM: potion effect (invisibility)
  1825 | D:3      | XOM: potion effect (berserk rage)
  1827 | D:3      | Reached XP level 5. HP: 41/41 MP: 7/7
  1837 | D:3      | XOM: confuse monster(s)
  1845 | D:3      | Reached skill level 1 in Necromancy
  1927 | D:3      | Found Boloxant's Jewellery Shoppe.
  2019 | D:3      | Found an ancient bone altar of Kikubaaqudgha.
  2606 | D:3      | XOM: divination: detect items
  2619 | D:3      | XOM: silly message
  2746 | D:4      | Gained mutation: You are partially covered in large bone
                  | plates. (SH +4) [demonic ancestry]
  2746 | D:4      | Reached XP level 6. HP: 38/47 MP: 8/8
  2778 | D:4      | Found an iron altar of Okawaru.
  2787 | D:4      | XOM: 2-stop teleportation journey
  2835 | D:4      | Reached skill level 1 in Polearms
  2991 | D:4      | XOM: 1-stop teleportation journey
  3146 | D:4      | XOM: cleaving
  3152 | D:4      | XOM: summons friendly quasit
  3153 | D:4      | XOM: fog
  3155 | D:4      | HP: 1/48 [killer bee (5)]
  3155 | D:4      | Slain by a killer bee

Illustrated notes

Levels and vault maps discovered:
D:1:      dpeg_arrival_lava_temple_mockup, layout_rooms,
          nicolae_kite_square_tiling_tiny
D:2:      layout_basic, shapermc_ecumenical_altar_pompeii, minmay_octomino_e4
D:3:      layout_basic, mainiacjoe_overflow_surrounded_room, serial_shops, shop,
          uniq_jessica
D:4:      layout_rooms, kennysheep_okawaru_gauntlet, nemelex_dance_club_becter,
          lemuel_tele_altar

Skill      XL: |  1  2  3  4  5  6 |
---------------+-------------------+-----
Dodging        | 1 2 |  2.1
Armour         | 2 |  2.7
Axes           | 3 |  3.4
Spellcasting   | 1 |  1.8
Stealth        | 1 |  1.4
Unarmed Combat | 1 |  1.7
Necromancy     | 1 |  1.4
Polearms       | 1 |  1.0
Fighting       | |  3.7
Hexes          | |  0.6
Evocations     | |  0.7

Action                     |  1- 3 |  4- 6 || total
---------------------------+-------+-------++-------
  Melee: Hand axe          |   116 |    94 ||   210
         Touch             |    14 |    17 ||    31
  Evoke: Wand              |       |     4 ||     4
    Use: Scroll            |     6 |     8 ||    14
         Potion            |       |     5 ||     5
   Stab: Sleeping          |     1 |     2 ||     3
         Distracted        |     1 |       ||     1
         Invisible         |       |     3 ||     3
 Armour: Leather armour    |    78 |    75 ||   153
  Dodge: Dodged            |    74 |    59 ||   133
  Block: Other             |       |    10 ||    10

Table legend: (Time is in decaauts)
 A = Elapsed time spent in this place.
 B = Non-inter-level travel time spent in this place.
 C = Inter-level travel time spent in this place.
 D = Time resting spent in this place.
 E = Time spent auto-exploring this place.
 F = Levels seen in this place.
 G = Mean time per level.
                   A        B        C        D        E       F      G
               +--------+--------+--------+--------+--------+-----+--------+
         Total |   3181 |   2889 |    292 |    242 |   2030 |   4 |  795.2 |
       Dungeon |   3181 |   2889 |    292 |    242 |   2030 |   4 |  795.2 |
               +--------+--------+--------+--------+--------+-----+--------+

Top non-repeatable levels by time:
     D:3: 1360 daAuts
     D:2: 791 daAuts
     D:1: 740 daAuts
     D:4: 289 daAuts
